 Dungeon Crawl Stone Soup version 0.24.0-1-gfbc8707122 (webtiles) character file.

Game seed: 17143585944699348518, levelgen mode: deterministic

14844 theanonym the Severer (level 11, -22/150 HPs)
             Began as a Minotaur Gladiator on Oct 27, 2019.
             Was a High Priest of Makhleb.
             Annihilated by a minotaur
             ... wielding the +4 trident of Xiucuham {drain, +Blink MR+}
              (30 damage)
             ... in a Gauntlet.
             The game lasted 00:14:56 (8757 turns).

theanonym the Severer (Minotaur Gladiator)          Turns: 8757, Time: 00:14:56

Health: -22/150    AC: 25    Str: 23    XL:     11   Next: 94%
Magic:  12/12      EV:  2    Int:  5    God:    Makhleb [*****.]
Gold:   565        SH:  7    Dex: 11    Spells: 10/10 levels left

rFire    . . .     SeeInvis .   v - +1 broad axe (flame)
rCold    . . .     Gourm    .   J - +0 shield
rNeg     + + +     Faith    .   (armour currently unavailable)
rPois    +         Spirit   .   (helmet currently unavailable)
rElec    .         Reflect  .   (cloak currently unavailable)
rCorr    .         Harm     .   (gloves currently unavailable)
MR       .....     NoTele   +   (boots currently unavailable)
Stlth    +.........             s - amulet of regeneration
HPRegen  0.75/turn              (no ring)
MPRegen  0.13/turn              (no ring)

@: tree-form, very slightly contaminated, hasted, heavily drained, very quick
A: (retaliatory headbutt)
a: Minor Destruction, Lesser Servant of Makhleb, Major Destruction, Greater
Servant of Makhleb, Renounce Religion


Innate Abilities, Weirdness & Mutations

((You reflexively headbutt those who attack you in melee.))
((You have a pair of horns on your head.))


   Skills:
 + Level 10.2(8.1) Fighting
 * Level 17.0(14.5) Axes
 - Level 2.0(0.3) Throwing
 + Level 9.9(7.8) Armour
 - Level 3.2(1.5) Dodging
 + Level 3.8(2.0) Invocations


You had 10 spell levels left.
You didn't know any spells.
Your spell library was empty.

Skill      XL: |  1  2  3  4  5  6  7  8  9 10 11 |
---------------+----------------------------------+-----
Axes           | 4 5 6 8 9 11 12 14 15 17 | 17.0
Armour         | 3 6 8 9 |  9.9
Fighting       | 4 6 8 10 | 10.2
Invocations    | 3 |  3.8
Throwing       | |  2.0
Dodging        | |  3.2

Action                   |  1- 3 |  4- 6 |  7- 9 | 10-12 || total
-------------------------+-------+-------+-------+-------++-------
Melee: War axe           |    71 |    83 |   276 |   196 ||   626
       Headbutt          |    15 |    14 |    51 |    78 ||   158
       Broad axe         |       |       |       |   244 ||   244
Throw: Throwing net      |       |       |     3 |       ||     3
Invok: Lesser Servant of |       |       |       |     3 ||     3
Evoke: Wand              |       |       |       |     2 ||     2
  Use: Scroll            |       |       |    10 |    16 ||    26
       Potion            |       |       |       |    11 ||    11
 Stab: Held in net/web   |       |       |     1 |       ||     1
  Eat: Ration            |     1 |       |     1 |     2 ||     4
       Chunk             |       |     3 |     5 |    11 ||    19
Armor: Leather armour    |    18 |     6 |       |       ||    24
       Ring mail         |       |    12 |       |       ||    12
       Plate armour      |       |     9 |   182 |   249 ||   440
       Skin              |       |       |       |     1 ||     1
Dodge: Dodged            |    46 |    34 |    90 |    84 ||   254
Block: Buckler           |     3 |     8 |    37 |     4 ||    52
       Shield            |       |       |       |   135 ||   135

Inventory:

Hand Weapons
 v - a +1 broad axe of flaming (weapon)
Missiles
 E - 2 throwing nets (quivered)
Armour
 a - a scarf of repulsion
 b - a +0 plate armour (melded)
 c - a +0 hat (melded)
 l - a +2 cloak (melded)
 x - a +2 pair of boots (melded)
 z - a +2 pair of gloves (melded)
 J - a +0 shield (worn)
Jewellery
 s - an amulet of regeneration (around neck)
Wands
 d - a wand of digging (5)
 g - a wand of random effects (7)
 p - a wand of scattershot (1)
 u - a wand of enslavement (15)
 C - a wand of disintegration (2)
 F - a wand of flame (23)
 L - a wand of paralysis (10)
Scrolls
 f - 3 scrolls of immolation
 j - 4 scrolls of enchant weapon
 k - 2 scrolls of amnesia
 m - a scroll of brand weapon {unknown}
 n - 2 scrolls of remove curse
 r - a scroll of identify
 t - 3 scrolls of teleportation
 y - 3 scrolls of magic mapping
 B - a scroll of blinking
 G - a scroll of fear {unknown}
 H - a scroll of random uselessness {unknown}
 K - a scroll of fog {unknown}
Potions
 i - 2 potions of flight
 o - 3 potions of resistance
 q - a potion of lignification
 w - a potion of curing
 A - a potion of brilliance
Miscellaneous
 M - a fan of gales
Comestibles
 e - 19 rations You were in a Gauntlet. You worshipped Makhleb. Makhleb was extremely pleased with you. You were full. You were a tree. You visited 3 branches of the dungeon, and saw 12 of its levels. You also visited: Gauntlet. You collected 565 gold pieces.

Dungeon Overview and Level Annotations

Branches:
Dungeon (10/15)            Temple (1/1) D:4            Lair (1/6) D:10
    Orc (0/2) D:9         Gauntlet (1/1)

Altars:
Ashenzari
Cheibriados
Dithmenos
Elyvilon
Fedhas
Gozag
Hepliaklqana
Kikubaaqudgha
Makhleb
Nemelex Xobeh
Okawaru
Qazlal
Ru
Sif Muna
Trog
Uskayaw
Vehumet
Wu Jian
Xom
Yredelemnul
Zin
The Shining One

Annotations:
Gauntlet 8 transporters

########.#.#...#.....#$.bhh.
8[8[8.8#...#.©.#.....#######
∩.....H'(###...#..∩.........
8|8=8.8#...#.©.#.....#######
########H#.#...#.....#.)#.##
.....#.#.©.#.P...##.##..
#8....H.....#.♣P..###..#.
##.##.###H♣.#.....#©.#©##
#...(..♣...##..♣.##=##..
########.♣.###.P.###..#.
#...##≈...#(.#.##
#####≈≈...#######
##≈.♣........ ##...#######
##≈...###24## #≈≈...#!.##..
##≈.♣.#$.#.##


You could see a minotaur.

Notes
Turn   | Place    | Note
-------+----------+-------------------------------------------
     0 | D:1      | theanonym the Minotaur Gladiator began the quest for the
                  | Orb.
     0 | D:1      | Reached XP level 1. HP: 18/18 MP: 0/0
    57 | D:1      | Reached skill level 4 in Axes
   130 | D:1      | Reached XP level 2. HP: 25/25 MP: 1/1
   415 | D:1      | Reached skill level 5 in Axes
   635 | D:2      | Reached XP level 3. HP: 30/30 MP: 2/2
  1025 | D:2      | Found a blossoming altar of Fedhas.
  1029 | D:2      | Found a shimmering altar of Xom.
  1029 | D:2      | Found a bloodstained altar of Trog.
  1030 | D:2      | Found an ancient bone altar of Kikubaaqudgha.
  1325 | D:3      | Noticed a phantom
  1333 | D:3      | HP: 12/30 [phantom (5)]
  1560 | D:3      | HP: 13/30 [phantom (4)]
  1561 | D:3      | Killed a phantom
  1561 | D:3      | Reached skill level 6 in Axes
  1561 | D:3      | Reached XP level 4. HP: 16/37 MP: 3/3
  1710 | D:3      | Reached XP level 5. HP: 37/42 MP: 4/4
  1743 | D:3      | Reached skill level 7 in Axes
  1747 | D:3      | Noticed an ogre
  1753 | D:3      | Killed an ogre
  1855 | D:3      | Reached skill level 8 in Axes
  2041 | D:4      | Reached XP level 6. HP: 35/50 MP: 5/5
  2135 | D:4      | Found a staircase to the Ecumenical Temple.
  2144 | Temple   | Entered the Ecumenical Temple
  2190 | Temple   | Became a worshipper of Makhleb the Destroyer
  2425 | D:4      | Reached skill level 9 in Axes
  2450 | D:4      | Found a glowing silver altar of Zin.
  3017 | D:5      | Entered Level 5 of the Dungeon
  3057 | D:5      | Reached XP level 7. HP: 53/56 MP: 6/6
  3067 | D:5      | Noticed Eustachio
  3076 | D:5      | Reached skill level 10 in Axes
  3100 | D:5      | HP: 28/56 [gnoll/+0 spear (4)]
  3106 | D:5      | HP: 27/56 [gnoll/+0 spear (3)]
  3116 | D:5      | HP: 26/56 [gnoll/+0 halberd (5)]
  3123 | D:5      | HP: 24/56 [Eustachio/+1 rapier of speed (6)]
  3130 | D:5      | HP: 27/56 [Eustachio/+1 rapier of speed (1)]
  3132 | D:5      | Killed Eustachio
  3238 | D:5      | Reached skill level 11 in Axes
  3249 | D:5      | HP: 23/56 [ogre/+0 giant spiked club (7)]
  3250 | D:5      | Reached XP level 8. HP: 26/62 MP: 7/7
  3252 | D:5      | HP: 10/62 [ogre/+0 giant spiked club (18)]
  3253 | D:5      | Reached * piety under Makhleb
  3479 | D:5      | Reached skill level 1 in Armour
  3526 | D:5      | Reached skill level 3 in Fighting
  3526 | D:5      | Reached skill level 12 in Axes
  3534 | D:5      | HP: 21/63 [ogre/+0 giant club (13)]
  3535 | D:5      | Reached skill level 2 in Armour
  3611 | D:5      | Noticed Sigmund
  3629 | D:5      | Killed Sigmund
  3760 | D:5      | Reached skill level 4 in Fighting
  3791 | D:5      | Reached skill level 3 in Armour
  4171 | D:6      | Found a shattered altar of Ashenzari.
  4480 | D:6      | Reached XP level 9. HP: 72/72 MP: 8/8
  4683 | D:7      | Reached skill level 4 in Armour
  4708 | D:7      | Reached skill level 13 in Axes
  4748 | D:7      | Reached skill level 5 in Fighting
  4833 | D:7      | Reached ** piety under Makhleb
  4953 | D:7      | Reached skill level 5 in Armour
  4960 | D:7      | Reached skill level 6 in Fighting
  4969 | D:7      | Reached skill level 14 in Axes
  5055 | D:7      | Reached skill level 6 in Armour
  5083 | D:7      | Found a sparkling altar of Nemelex Xobeh.
  5161 | D:7      | Found a white marble altar of Elyvilon.
  5199 | D:7      | Found a white marble altar of Elyvilon.
  5472 | D:8      | Reached XP level 10. HP: 73/84 MP: 9/9
  5487 | D:8      | Reached skill level 7 in Fighting
  5506 | D:8      | Reached *** piety under Makhleb
  5624 | D:8      | Noticed Erica
  5627 | D:8      | Noticed Grum
  5644 | D:8      | Killed Grum
  5649 | D:8      | Killed Erica
  5649 | D:8      | Reached skill level 7 in Armour
  5834 | D:8      | Reached skill level 15 in Axes
  5963 | D:8      | Reached skill level 8 in Fighting
  6239 | D:9      | HP: 44/88 [orc warrior/cursed -2 scimitar (15)]
  6244 | D:9      | HP: 31/88 [orc warrior/+1 long sword of protection (11)]
  6250 | D:9      | HP: 8/88 [orc priest/divine providence (16)]
  6253 | D:10     | Entered Level 10 of the Dungeon
  6423 | D:9      | HP: 41/88 [troll (6)]
  6425 | D:9      | HP: 17/132 [orc warrior/+1 broad axe of flaming (6)]
  6425 | D:9      | HP: 6/132 [orc priest/divine providence (11)]
  6429 | D:9      | Reached skill level 8 in Armour
  6567 | D:9      | Found a staircase to the Orcish Mines.
  6681 | D:9      | Reached **** piety under Makhleb
  6746 | D:9      | Noticed a two-headed ogre
  6759 | D:9      | Reached XP level 11. HP: 53/95 MP: 10/10
  6759 | D:9      | HP: 46/95 [two-headed ogre/+0 giant club (8)]
  6760 | D:9      | Killed a two-headed ogre
  6760 | D:9      | Reached skill level 9 in Fighting
  6762 | D:9      | Reached skill level 16 in Axes
  6910 | D:9      | Reached skill level 1 in Invocations
  6919 | D:9      | HP: 44/97 [gargoyle/+0 dire flail (17)]
  7018 | D:9      | Reached skill level 9 in Armour
  7439 | D:10     | Reached skill level 2 in Invocations
  7507 | D:10     | Paralysed by a hornet for 2 turns
  7618 | D:10     | Reached ***** piety under Makhleb
  7772 | D:10     | Found a staircase to the Lair.
  7887 | D:10     | Killed an unseen horror
  7887 | D:10     | Reached skill level 3 in Invocations
  8110 | Lair:1   | Entered Level 1 of the Lair of Beasts
  8119 | Lair:1   | Found a gate leading to a gauntlet.
  8126 | Gauntlet | Entered a Gauntlet
  8126 | Gauntlet | Found a transporter.
  8133 | Gauntlet | Found a transporter.
  8136 | Gauntlet | Found a transporter.
  8139 | Gauntlet | Noticed a catoblepas
  8144 | Gauntlet | Found a transporter.
  8146 | Gauntlet | Found a transporter.
  8158 | Gauntlet | Found a transporter.
  8159 | Gauntlet | Noticed an obsidian statue
  8173 | Gauntlet | Found a transporter.
  8174 | Gauntlet | Noticed a fire crab
  8183 | Gauntlet | Found a transporter.
  8193 | Gauntlet | Found a transporter.
  8205 | Gauntlet | Noticed a blizzard demon
  8207 | Gauntlet | Found a transporter.
  8221 | Gauntlet | Found a transporter.
  8221 | Gauntlet | Found a transporter.
  8265 | Gauntlet | Noticed a death scarab
  8281 | Gauntlet | Found a transporter.
  8284 | Gauntlet | Found a transporter.
  8296 | Gauntlet | Noticed a fire crab
  8375 | Gauntlet | HP: 37/99 [fire crab] (16)]
  8377 | Gauntlet | Killed a fire crab
  8377 | Gauntlet | Reached skill level 10 in Fighting
  8534 | Gauntlet | HP: 46/99 [death scarab (7)]
  8540 | Gauntlet | HP: 17/99 [death scarab (15)]
  8549 | Gauntlet | HP: 33/99 [death scarab (1)]
  8551 | Gauntlet | Killed a death scarab
  8698 | Gauntlet | HP: 45/99 [meliai simulacrum (8)]
  8699 | Gauntlet | Reached skill level 17 in Axes
  8724 | Gauntlet | Identified the +4 trident of Xiucuham {drain, +Blink MR+}
  8724 | Gauntlet | Noticed a minotaur
  8732 | Gauntlet | HP: 36/100 [minotaur/the +4 trident of Xiucuham {drain,
                  | +Blink MR+} (20)]
  8735 | Gauntlet | HP: 6/100 [minotaur/the +4 trident of Xiucuham {drain,
                  | +Blink MR+} (11)]
  8744 | Gauntlet | HP: 6/100 [minotaur/silver javelin (1)]
  8754 | Gauntlet | HP: 10/150 [minotaur/the +4 trident of Xiucuham {drain,
                  | +Blink MR+} (23)]
  8757 | Gauntlet | Annihilated by a minotaur

Vanquished Creatures
  Erica (D:8)
  A two-headed ogre (D:9)
  A death scarab (Gauntlet)
  A fire crab (Gauntlet)
  An unseen horror (D:10)
  A gargoyle (D:9)
  A komodo dragon (D:9)
  2 trolls (D:9)
  A hornet (D:10)
  A slime creature (D:9)
  A hippogriff (D:9)
  2 centaur simulacra (Gauntlet)
  Sigmund (D:5)
  A wraith (D:10)
  2 wyverns
  Eustachio (D:5)
  3 hogs (D:7)
  6 yaks
  Grum (D:8)
  2 fire bats (Gauntlet)
  A human (D:7)
  A hungry ghost (D:9)
  2 harpy simulacra (Gauntlet)
  A spectral spiny frog (Gauntlet)
  A water moccasin (D:8)
  3 porcupines
  3 ice beasts
  8 orc warriors
  A meliai simulacrum (Gauntlet)
  3 sky beasts
  5 black bears
  4 phantoms
  7 ogres
  3 wolves (D:8)
  3 centaurs
  3 big kobolds
  7 bullfrogs
  5 scorpions
  6 killer bees (D:7)
  14 wights
  7 crimson imps
  A centaur zombie (D:5)
  3 bullfrog zombies
  2 hounds
  3 jellies
  A gnoll shaman (D:5)
  11 orc priests
  2 bullfrog skeletons
  4 centaur skeletons
  5 iguanas
  5 orc wizards
  7 worker ants
  A hound zombie (D:5)
  6 gnolls
  8 adders
  2 shadow imps
  2 oozes (D:3)
  An adder skeleton (D:4)
  5 leopard geckos
  34 orcs
  A ball python (D:5)
  4 bats
  3 giant cockroaches
  8 goblins
  6 hobgoblins
  13 jackals
  6 quokkas
  5 frilled lizards
  A giant cockroach zombie (D:5)
  13 kobolds
  A quokka skeleton (D:5)
  A quokka zombie (D:9)
  9 rats
  2 fungi (D:10)
295 creatures vanquished.

Vanquished Creatures (others)
  7 fungi
  2 plants (Gauntlet)
9 creatures vanquished.

Grand Total: 304 creatures vanquished

Table legend:
 A = Turns spent in this place as a percentage of turns spent in the entire game.
 B = Non-inter-level travel turns spent in this place as a percentage of non-inter-level travel turns spent in the entire game.
 C = Inter-level travel turns spent in this place as a percentage of turns spent in this place.
 D = Turns resting spent in this place as a percentage of non-inter-level travel turns spent in this place.
 E = Turns spent auto-exploring this place as a percentage of non-inter-level travel turns spent in this place.
 F = Non-inter-level travel turns spent in this place divided by the number of levels of this place that you've seen.
                   A       B       C       D       E      F
               +-------+-------+-------+-------+-------+----------------------
         Total | 100.0 | 100.0 |   4.9 |  12.6 |  67.2 | 640.5
       Dungeon |  91.9 |  91.8 |   5.0 |  11.8 |  69.5 | 764.5
        Temple |   0.7 |   0.5 |  32.3 |   0.0 |  92.9 |  42.0
          Lair |   0.2 |   0.1 |  50.0 |   0.0 |   0.0 |   8.0
      Gauntlet |   7.2 |   7.6 |   0.0 |  23.8 |  37.7 | 631.0
               +-------+-------+-------+-------+-------+----------------------
